[Event "LJ Slovak Open 2022"]
[Site "Liptovsky Jan"]
[Date "2022.06.23"]
[Round "1.23"]
[White "Vastik, Tomas"]
[Black "Kolesar, Peter"]
[Result "0-1"]
[ECO "B50"]
[WhiteElo "1457"]
[BlackElo "1969"]
[Annotator "NA RC"]
[PlyCount "56"]
[EventDate "2022.06.23"]
[EventType "swiss"]
[EventCountry "SVK"]
[SourceTitle "playchess.com"]
[Source "ChessBase"]
[SourceQuality "1"]
[TimeControl "3600+30"]

1. e4 c5 2. Nf3 d6 3. Nc3 Nf6 4. Bc4 Nc6 5. h3 e6 6. a3 a6 7. d3 Be7 8. O-O O-O 9. Re1 d5 10. Ba2 d4 11. Ne2 e5 12. Ng3 Qd6 13. Qd2 Ne8 14. Qe2 Bf6 15. Ng5 Bxg5 16. Bxg5 Qg6 17. Qh5 Nc7 18. Qxg6 hxg6 19. f4 Ne6 20. Bxe6 Bxe6 21. fxe5 Nxe5 22. Bf4 Nd7 23. b3 b5 24. Red1 Rfc8 25. Ne2 Nb8 26. Rab1 Nc6 27. Bd6 Nd8 28. Rb2 Rc6 0-1

[Event "LJ Slovak Open 2022"]
[Site "Liptovsky Jan"]
[Date "2022.06.23"]
[Round "1.24"]
[White "Podjavorinsky, Michal"]
[Black "Szabo, Marian"]
[Result "1-0"]
[ECO "B02"]
[WhiteElo "1941"]
[BlackElo "1467"]
[Annotator "NA RC"]
[PlyCount "39"]
[EventDate "2022.06.23"]
[EventType "swiss"]
[EventCountry "SVK"]
[SourceTitle "playchess.com"]
[Source "ChessBase"]
[SourceQuality "1"]
[TimeControl "3600+30"]

1. e4 e6 2. Nc3 Nf6 3. e5 Nd5 4. Nxd5 exd5 5. Qf3 c6 6. d4 d6 7. Bf4 dxe5 8. Bxe5 Be6 9. Qg3 f6 10. Bc7 Qc8 11. O-O-O b6 12. Re1 Kf7 13. Nf3 Be7 14. Bd3 Bf5 15. Bxb8 Bxd3 16. Rxe7+ Kxe7 17. Qxg7+ Ke6 18. cxd3 Qxb8 19. Re1+ Kd6 20. Qe7# 1-0

[Event "LJ Slovak Open 2022"]
[Site "Liptovsky Jan"]
[Date "2022.06.23"]
[Round "1.25"]
[White "Lacko, Stanislav"]
[Black "Elias, David"]
[Result "0-1"]
[ECO "B62"]
[WhiteElo "1462"]
[BlackElo "1901"]
[Annotator "NA RC"]
[PlyCount "66"]
[EventDate "2022.06.23"]
[EventType "swiss"]
[EventCountry "SVK"]
[SourceTitle "playchess.com"]
[Source "ChessBase"]
[SourceQuality "1"]
[TimeControl "3600+30"]

1. e4 c5 2. Nf3 d6 3. d4 cxd4 4. Nxd4 Nf6 5. Nc3 Nc6 6. Bg5 e6 7. f4 Be7 8. Bb5 Bd7 9. Qd2 h6 10. Bxc6 bxc6 11. Bh4 Rb8 12. Nb3 O-O 13. Bxf6 gxf6 14. f5 Kh7 15. g4 Rg8 16. h3 c5 17. O-O-O Qb6 18. Qd3 Rgc8 19. Qc4 a5 20. a4 Qb4 21. Qxb4 axb4 22. Ne2 Bxa4 23. Nd2 Bc6 24. Ng3 d5 25. Rhe1 Bd6 26. Nh5 Be5 27. exd5 Bxd5 28. Ne4 Bxe4 29. Rxe4 Rb7 30. Re3 Ra8 31. Ng3 Ra1+ 32. Kd2 Rd7+ 33. Rd3 Rxd1+ 0-1

[Event "LJ Slovak Open 2022"]
[Site "Liptovsky Jan"]
[Date "2022.06.23"]
[Round "1.26"]
[White "Korenova, Simona"]
[Black "Pisarcik, Richard"]
[Result "1-0"]
[ECO "A29"]
[WhiteElo "1895"]
[BlackElo "1343"]
[Annotator "NA RC"]
[PlyCount "43"]
[EventDate "2022.06.23"]
[EventType "swiss"]
[EventCountry "SVK"]
[SourceTitle "playchess.com"]
[Source "ChessBase"]
[SourceQuality "1"]
[TimeControl "3600+30"]

1. c4 Nf6 2. Nc3 e5 3. g3 d5 4. cxd5 Nxd5 5. Bg2 Be6 6. Nf3 Nc6 7. O-O Bd6 8. d4 Nxc3 9. bxc3 exd4 10. cxd4 Ne7 11. e4 Bb4 12. Qa4+ Nc6 13. d5 Bxd5 14. exd5 Qxd5 15. Ng5 Qd6 16. Bf4 Qd4 17. Bxc6+ bxc6 18. Qxc6+ Ke7 19. Qxc7+ Ke8 20. Qxf7+ Kd8 21. Ne6+ Kc8 22. Qc7# 1-0

[Event "LJ Slovak Open 2022"]
[Site "Liptovsky Jan"]
[Date "2022.06.23"]
[Round "1.27"]
[White "Hlavac, Tomas"]
[Black "Gajdosik, Marian"]
[Result "0-1"]
[ECO "C41"]
[WhiteElo "1409"]
[BlackElo "1902"]
[Annotator "NA RC"]
[PlyCount "112"]
[EventDate "2022.06.23"]
[EventType "swiss"]
[EventCountry "SVK"]
[SourceTitle "playchess.com"]
[Source "ChessBase"]
[SourceQuality "1"]
[TimeControl "3600+30"]

1. e4 e5 2. Nf3 d6 3. h3 Qf6 4. Bc4 h6 5. c3 Ne7 6. d3 Ng6 7. Be3 Nf4 8. Bxf4 Qxf4 9. Nbd2 Be7 10. Nf1 c6 11. Ng3 g6 12. Ne2 Qf6 13. Qd2 Nd7 14. d4 Nb6 15. Bb3 a5 16. dxe5 dxe5 17. Qe3 Nd7 18. O-O Nc5 19. Bc2 Be6 20. b4 axb4 21. cxb4 Nd7 22. a4 Kf8 23. Rfb1 Kg7 24. Nc1 Qf4 25. Qc3 Qf6 26. Qe3 Rhc8 27. Nd3 Bc4 28. Nh2 h5 29. Nf3 b6 30. Nb2 Be6 31. h4 Bxb4 32. Nd3 Ba5 33. Ng5 Nf8 34. f4 exf4 35. Nxf4 Bc3 36. Nfxe6+ Nxe6 37. Rf1 Bd4 38. Rxf6 Bxe3+ 39. Kh1 Kxf6 40. Rf1+ Ke5 41. Nxf7+ Kd4 42. Rd1+ Kc3 43. Bb1 Bf4 44. Ba2 Nc5 45. Rf1 Bc7 46. e5 Rxa4 47. Rf3+ Kd2 48. Rf2+ Ke3 49. Kg1 Rca8 50. Rf3+ Kd2 51. Rf2+ Kc3 52. Rf3+ Kb4 53. Rf4+ Kb5 54. Rxa4 Rxa4 55. e6 Rxa2 56. e7 Ra8 0-1

[Event "LJ Slovak Open 2022"]
[Site "Liptovsky Jan"]
[Date "2022.06.23"]
[Round "1.28"]
[White "Rucek, Peter"]
[Black "Muller, Martin"]
[Result "1-0"]
[ECO "A58"]
[WhiteElo "1899"]
[BlackElo "1476"]
[Annotator "NA RC"]
[PlyCount "87"]
[EventDate "2022.06.23"]
[EventType "swiss"]
[EventCountry "SVK"]
[SourceTitle "playchess.com"]
[Source "ChessBase"]
[SourceQuality "1"]
[TimeControl "3600+30"]

1. d4 Nf6 2. c4 c5 3. d5 b5 4. cxb5 a6 5. bxa6 g6 6. Nc3 Bg7 7. e4 O-O 8. Nf3 Qa5 9. a7 Nxe4 10. axb8=Q Rxb8 11. Bd2 Nxc3 12. bxc3 Bxc3 13. Rc1 Bxd2+ 14. Qxd2 Qxd2+ 15. Nxd2 d6 16. Bc4 Bf5 17. O-O Rb2 18. Rfd1 Bc2 19. Re1 Re8 20. Nf1 Ba4 21. Rb1 Rc2 22. Ne3 Rc3 23. Rb7 Kf8 24. Reb1 f5 25. g3 Ra8 26. Rb8+ Rxb8 27. Rxb8+ Kf7 28. Bb5 Bxb5 29. Rxb5 Ra3 30. Rb2 Kf6 31. Kf1 Ra4 32. Ke2 g5 33. f3 Ke5 34. Rd2 h5 35. Nd1 Ra3 36. Nb2 Rc3 37. a4 e6 38. a5 exd5 39. Nd3+ Ke6 40. Ra2 Rb3 41. a6 Rb8 42. Nb2 Ra8 43. Na4 Kd7 44. Nb6+ 1-0

[Event "LJ Slovak Open 2022"]
[Site "Liptovsky Jan"]
[Date "2022.06.23"]
[Round "1.29"]
[White "Stefanides, Karol"]
[Black "Goga, Frantisek"]
[Result "0-1"]
[ECO "A49"]
[WhiteElo "1438"]
[BlackElo "1900"]
[Annotator "NA RC"]
[PlyCount "65"]
[EventDate "2022.06.23"]
[EventType "swiss"]
[EventCountry "SVK"]
[SourceTitle "playchess.com"]
[Source "ChessBase"]
[SourceQuality "1"]
[TimeControl "3600+30"]

1. d4 Nf6 2. Nf3 g6 3. g3 Bg7 4. Bg2 O-O 5. O-O d6 6. c3 c6 7. Nbd2 Bf5 8. Nh4 Bd7 9. f4 Qc8 10. Nhf3 Na6 11. Re1 c5 12. e3 Re8 13. e4 cxd4 14. Nxd4 Qc5 15. N2b3 Qb6 16. Kh1 e5 17. fxe5 dxe5 18. Nf3 Ng4 19. Qc2 Nf2+ 20. Kg1 Nd3+ 21. Kh1 Nxe1 22. Nxe1 Rac8 23. Nf3 Ba4 24. Qe2 Bb5 25. Qe3 Qxe3 26. Bxe3 b6 27. h3 Rcd8 28. Nbd2 Bc6 29. b3 Nc5 30. Ng1 Rd3 31. Nf1 Bxe4 32. Bxe4 Nxe4 33. c4 0-1

[Event "LJ Slovak Open 2022"]
[Site "Liptovsky Jan"]
[Date "2022.06.23"]
[Round "1.30"]
[White "Smusz, Kamil"]
[Black "Ihnat, Marek"]
[Result "1-0"]
[ECO "D00"]
[WhiteElo "1881"]
[BlackElo "2045"]
[Annotator "NA RC"]
[PlyCount "21"]
[EventDate "2022.06.23"]
[EventType "swiss"]
[EventCountry "SVK"]
[SourceTitle "playchess.com"]
[Source "ChessBase"]
[SourceQuality "1"]
[TimeControl "3600+30"]

1. d4 d5 2. Bf4 f5 3. e3 e6 4. g4 fxg4 5. Qxg4 Nf6 6. Qg2 g6 7. Bd3 Be7 8. Nf3 Nbd7 9. Bxg6+ hxg6 10. Qxg6+ Kf8 11. Ng5 1-0

[Event "LJ Slovak Open 2022"]
[Site "Liptovsky Jan"]
[Date "2022.06.23"]
[Round "1.31"]
[White "Zelenka, Matej"]
[Black "Rak, Martin"]
[Result "0-1"]
[ECO "B90"]
[WhiteElo "1400"]
[BlackElo "1849"]
[Annotator "NA RC"]
[PlyCount "82"]
[EventDate "2022.06.23"]
[EventType "swiss"]
[EventCountry "SVK"]
[SourceTitle "playchess.com"]
[Source "ChessBase"]
[SourceQuality "1"]
[TimeControl "3600+30"]

1. e4 c5 2. Nf3 d6 3. d4 cxd4 4. Nxd4 Nf6 5. Nc3 a6 6. Bd3 e5 7. Nb3 Be7 8. O-O O-O 9. Be3 Be6 10. Kh1 Nbd7 11. Nd5 Bxd5 12. exd5 Ne8 13. c4 f5 14. f3 Bg5 15. Bxg5 Qxg5 16. Qc1 Qh5 17. Qc2 f4 18. Kg1 Rc8 19. Kf2 Qxh2 20. Rh1 Qg3+ 21. Kf1 h6 22. Bf5 Nef6 23. Rh3 Qg5 24. Kf2 Kh8 25. Rah1 b5 26. Nd2 Rc7 27. Bxd7 Rxd7 28. Ne4 Nxe4+ 29. Qxe4 Rc7 30. b3 Rfc8 31. Rh5 Qf6 32. Rf5 Qe7 33. Rfh5 Qf7 34. Rf5 Qg8 35. Rfh5 Qh7 36. Rf5 bxc4 37. bxc4 Rxc4 38. Rf8+ Rxf8 39. Qxc4 Rb8 40. Re1 Qg6 41. Re2 Qg3+ 0-1

[Event "LJ Slovak Open 2022"]
[Site "Liptovsky Jan"]
[Date "2022.06.23"]
[Round "1.32"]
[White "Janik, Marek Tobias"]
[Black "Bodnar, Frantisek"]
[Result "1-0"]
[ECO "A17"]
[WhiteElo "1840"]
[BlackElo "1379"]
[Annotator "NA RC"]
[PlyCount "68"]
[EventDate "2022.06.23"]
[EventType "swiss"]
[EventCountry "SVK"]
[SourceTitle "playchess.com"]
[Source "ChessBase"]
[SourceQuality "1"]
[TimeControl "3600+30"]

1. c4 Nf6 2. Nc3 e6 3. g3 Bc5 4. Bg2 Nc6 5. e3 Ne5 6. d4 Bb4 7. dxe5 Bxc3+ 8. bxc3 Ng8 9. Rb1 Rb8 10. Ne2 Ne7 11. O-O b6 12. Nd4 Ng6 13. f4 O-O 14. h4 c5 15. Nb5 a6 16. Nd6 Ne7 17. g4 f5 18. exf6 Ng6 19. h5 Nh4 20. fxg7 Kxg7 21. Be4 Qf6 22. h6+ Qxh6 23. g5 Nf3+ 24. Qxf3 Qh4 25. Rb2 h5 26. Rh2 Qg4+ 27. Qxg4 hxg4 28. Rh7+ Kg8 29. g6 Rf6 30. g7 e5 31. Ne8 Re6 32. Rh8+ Kf7 33. g8=Q+ Ke7 34. Qg5+ Kf7 1-0

[Event "LJ Slovak Open 2022"]
[Site "Liptovsky Jan"]
[Date "2022.06.23"]
[Round "1.33"]
[White "Vojtko, Imrich"]
[Black "Mydliar, Jan"]
[Result "0-1"]
[ECO "A06"]
[WhiteElo "1382"]
[BlackElo "1885"]
[Annotator "NA RC"]
[PlyCount "70"]
[EventDate "2022.06.23"]
[EventType "swiss"]
[EventCountry "SVK"]
[SourceTitle "playchess.com"]
[Source "ChessBase"]
[SourceQuality "1"]
[TimeControl "3600+30"]

1. Nf3 Nf6 2. b3 g6 3. Bb2 Bg7 4. e3 d5 5. h3 O-O 6. Be2 c5 7. O-O Nc6 8. d4 Ne4 9. Nbd2 Nxd2 10. Qxd2 b6 11. Rab1 cxd4 12. exd4 Qd6 13. c3 Bf5 14. Bd3 Bxd3 15. Qxd3 Rac8 16. Rfe1 e6 17. h4 Rfe8 18. Re2 Nb8 19. Rbe1 Nd7 20. Qd2 Rc7 21. Ne5 Nxe5 22. dxe5 Qe7 23. Qf4 Rec8 24. g3 Qf8 25. Rc1 Bh6 26. Qxh6 Qxh6 27. Rec2 b5 28. f4 Qf8 29. Kg2 b4 30. c4 dxc4 31. bxc4 Qd8 32. c5 Qd5+ 33. Kh2 Rxc5 34. Rxc5 Rxc5 35. Rxc5 Qxc5 0-1

[Event "LJ Slovak Open 2022"]
[Site "Liptovsky Jan"]
[Date "2022.06.23"]
[Round "1.34"]
[White "Ziaran, Viliam"]
[Black "Polacok, Jozef"]
[Result "1/2-1/2"]
[ECO "B11"]
[WhiteElo "1832"]
[BlackElo "1386"]
[Annotator "NA RC"]
[PlyCount "103"]
[EventDate "2022.06.23"]
[EventType "swiss"]
[EventCountry "SVK"]
[SourceTitle "playchess.com"]
[Source "ChessBase"]
[SourceQuality "1"]
[TimeControl "3600+30"]

1. e4 c6 2. Nc3 d5 3. Nf3 Bg4 4. h3 Bxf3 5. Qxf3 Nf6 6. e5 Nfd7 7. d4 e6 8. Qg3 g6 9. Be2 Bg7 10. O-O O-O 11. Be3 c5 12. f4 cxd4 13. Bxd4 Nc6 14. Qf2 a6 15. Rad1 b5 16. Bf3 Rc8 17. a3 Bh6 18. g3 Bg7 19. Ne2 Ne7 20. Bc3 Nc6 21. Kg2 Qc7 22. g4 Qa7 23. Bd4 Qc7 24. c3 Na5 25. Nc1 Nc4 26. Nd3 Na5 27. Qc2 Nc6 28. Bf2 Na5 29. Rfe1 Nc6 30. Nb4 Nxb4 31. axb4 Nb6 32. Bd4 Bh6 33. g5 Bg7 34. b3 Nd7 35. Ra1 Ra8 36. Ra5 Nb8 37. Bc5 Rc8 38. Rea1 Qb7 39. Qf2 Nc6 40. R5a2 Bf8 41. Bxf8 Kxf8 42. Qc5+ Ne7 43. Qe3 Nf5 44. Qe1 Rc6 45. Rd1 Qb6 46. Rd3 Rac8 47. Bg4 Ne7 48. h4 Qb7 49. Kh3 Qb6 50. h5 Qc7 51. Rc2 d4 52. Rxd4 1/2-1/2

[Event "LJ Slovak Open 2022"]
[Site "Liptovsky Jan"]
[Date "2022.06.23"]
[Round "1.35"]
[White "Carnecky, Michal"]
[Black "Harvan, Tomas"]
[Result "0-1"]
[ECO "A22"]
[WhiteElo "1361"]
[BlackElo "1853"]
[Annotator "NA RC"]
[PlyCount "50"]
[EventDate "2022.06.23"]
[EventType "swiss"]
[EventCountry "SVK"]
[SourceTitle "playchess.com"]
[Source "ChessBase"]
[SourceQuality "1"]
[TimeControl "3600+30"]

1. c4 Nf6 2. Nc3 e5 3. a3 c6 4. d3 d5 5. cxd5 cxd5 6. e3 Nc6 7. Nf3 Bg4 8. Be2 Be7 9. O-O O-O 10. Nd2 Bxe2 11. Nxe2 Qb6 12. b4 Rac8 13. Bb2 a5 14. Bc3 axb4 15. axb4 d4 16. Nc4 Qd8 17. Be1 dxe3 18. fxe3 Bxb4 19. Bxb4 Nxb4 20. Nxe5 Nc2 21. Nc4 Nxa1 22. Qxa1 Qxd3 23. Rxf6 gxf6 24. Qxf6 Rxc4 25. Nf4 Qxe3+ 0-1

[Event "LJ Slovak Open 2022"]
[Site "Liptovsky Jan"]
[Date "2022.06.23"]
[Round "1.36"]
[White "Valko, Michal"]
[Black "Carnecky, Viliam"]
[Result "1-0"]
[ECO "B10"]
[WhiteElo "1906"]
[BlackElo "1380"]
[Annotator "NA RC"]
[PlyCount "41"]
[EventDate "2022.06.23"]
[EventType "swiss"]
[EventCountry "SVK"]
[SourceTitle "playchess.com"]
[Source "ChessBase"]
[SourceQuality "1"]
[TimeControl "3600+30"]

1. e4 c6 2. c4 d5 3. exd5 cxd5 4. cxd5 Qxd5 5. Nc3 Qa5 6. Nf3 Nf6 7. d4 e6 8. Bd3 Nbd7 9. O-O Be7 10. Re1 O-O 11. d5 Nc5 12. Bc2 Rd8 13. Ne5 Nxd5 14. Bxh7+ Kxh7 15. Qh5+ Kg8 16. Qxf7+ Kh7 17. Bd2 Qb6 18. Nxd5 Rxd5 19. Re3 Bg5 20. Rh3+ Bh6 21. Rxh6# 1-0

[Event "LJ Slovak Open 2022"]
[Site "Liptovsky Jan"]
[Date "2022.06.23"]
[Round "1.37"]
[White "Magda, Juraj"]
[Black "Gollner, Martin"]
[Result "0-1"]
[ECO "B40"]
[WhiteElo "1301"]
[BlackElo "1585"]
[Annotator "NA RC"]
[PlyCount "99"]
[EventDate "2022.06.23"]
[EventType "swiss"]
[EventCountry "SVK"]
[SourceTitle "playchess.com"]
[Source "ChessBase"]
[SourceQuality "1"]
[TimeControl "3600+30"]

1. e4 c5 2. Nf3 e6 3. Bb5 a6 4. Be2 d5 5. exd5 exd5 6. d4 Nc6 7. O-O Nf6 8. Re1 Be6 9. Bg5 cxd4 10. Nxd4 Be7 11. Nxe6 fxe6 12. Bg4 Nxg4 13. Bxe7 Qxe7 14. Qxg4 e5 15. Nc3 Qf7 16. a3 O-O 17. Qg3 Rae8 18. Rad1 Nd4 19. Rd2 Nf5 20. Qf3 d4 21. Nd1 Nd6 22. Qxf7+ Rxf7 23. c3 Nc4 24. Rxd4 b5 25. Rde4 Rd8 26. a4 Rfd7 27. Ne3 Nxb2 28. axb5 axb5 29. g3 Rc7 30. Rb1 Na4 31. Rc1 Nxc3 32. Rxe5 Ne2+ 33. Kf1 Nxc1 34. Rxb5 Nd3 35. Rd5 Rxd5 36. Nxd5 Rf7 37. f4 Rd7 38. Ne3 Kf7 39. Ke2 Nc1+ 40. Kf3 Rd3 41. Ke4 Ke6 42. f5+ Kf6 43. h4 Rxe3+ 44. Kxe3 Kxf5 45. Kf3 h5 46. g4+ hxg4+ 47. Kg3 Ne2+ 48. Kf2 Nf4 49. Kg3 Nh5+ 50. Kg2 0-1

[Event "LJ Slovak Open 2022"]
[Site "Liptovsky Jan"]
[Date "2022.06.23"]
[Round "1.38"]
[White "Koska, Jiri"]
[Black "Livnansky, Michal"]
[Result "1-0"]
[ECO "B01"]
[WhiteElo "1759"]
[BlackElo "1279"]
[Annotator "NA RC"]
[PlyCount "75"]
[EventDate "2022.06.23"]
[EventType "swiss"]
[EventCountry "SVK"]
[SourceTitle "playchess.com"]
[Source "ChessBase"]
[SourceQuality "1"]
[TimeControl "3600+30"]

1. e4 d5 2. exd5 Qxd5 3. Nc3 Qa5 4. d4 c6 5. Nf3 Nf6 6. Bc4 Bf5 7. Bd2 Qc7 8. Ne5 e6 9. Bg5 Be7 10. g4 Nxg4 11. Nxg4 Bxg5 12. h4 Qf4 13. hxg5 Bxg4 14. Qd2 Qxd2+ 15. Kxd2 h5 16. gxh6 Rxh6 17. Rxh6 gxh6 18. Rh1 b5 19. Bd3 h5 20. Ne4 Ke7 21. Ng3 Bf3 22. Rh4 Nd7 23. Ke3 Bd5 24. Rxh5 Bxa2 25. b3 Nf6 26. Rh1 Nd5+ 27. Kd2 a5 28. Ra1 Nb4 29. Ne2 a4 30. Kc3 Nxd3 31. Kxd3 axb3 32. cxb3 Ra3 33. Nc1 Kd6 34. Rxa2 b4 35. Kc4 Rxa2 36. Nxa2 e5 37. Nxb4 exd4 38. Nd3 1-0

[Event "LJ Slovak Open 2022"]
[Site "Liptovsky Jan"]
[Date "2022.06.23"]
[Round "1.39"]
[White "Freibergs, Filips"]
[Black "Mrkvik, Jan"]
[Result "1/2-1/2"]
[ECO "D04"]
[WhiteElo "1250"]
[BlackElo "1810"]
[Annotator "NA RC"]
[PlyCount "112"]
[EventDate "2022.06.23"]
[EventType "swiss"]
[EventCountry "SVK"]
[SourceTitle "playchess.com"]
[Source "ChessBase"]
[SourceQuality "1"]
[TimeControl "3600+30"]

1. d4 d5 2. Nf3 Nf6 3. e3 c6 4. Nbd2 e6 5. b3 Nbd7 6. Bb2 Bd6 7. Ne5 O-O 8. Bd3 Re8 9. O-O Qc7 10. f4 b6 11. Rf3 Nf8 12. Rh3 Re7 13. g4 g6 14. Rg3 a5 15. f5 exf5 16. gxf5 N6d7 17. Ndf3 f6 18. fxg6 h6 19. g7 Rxg7 20. Rxg7+ Kxg7 21. Ng4 c5 22. dxc5 bxc5 23. Nh4 Ne5 24. Nf5+ Bxf5 25. Bxf5 Re8 26. Kh1 Ne6 27. Nxe5 Bxe5 28. Qg4+ Ng5 29. Bxe5 Qxe5 30. Rg1 h5 31. Qf4 Qxe3 32. Qxe3 Rxe3 33. h4 Kh6 34. hxg5+ fxg5 35. Rf1 Re2 36. Bd3 Rd2 37. Rf6+ Kg7 38. Rg6+ Kf8 39. Rxg5 c4 40. bxc4 dxc4 41. Bxc4 Rxc2 42. Bb3 Rb2 43. Rxa5 h4 44. Rh5 Ke7 45. Rxh4 Kd6 46. Rc4 Rd2 47. Kg1 Kd7 48. Kf1 Rh2 49. Ke1 Kd6 50. Rc2 Rh7 51. Kd2 Ra7 52. Rc4 Kd7 53. Kc3 Kd6 54. Ba4 Kd5 55. Kb4 Rxa4+ 56. Kxa4 Kxc4 1/2-1/2

[Event "LJ Slovak Open 2022"]
[Site "Liptovsky Jan"]
[Date "2022.06.23"]
[Round "1.40"]
[White "Haasova, Timea"]
[Black "Hudak, Michal"]
[Result "1-0"]
[ECO "D04"]
[WhiteElo "1811"]
[BlackElo "1169"]
[Annotator "NA"]
[PlyCount "107"]
[EventDate "2022.06.23"]
[EventType "swiss"]
[EventCountry "SVK"]
[SourceTitle "playchess.com"]
[Source "ChessBase"]
[SourceQuality "1"]
[TimeControl "3600+30"]

1. d4 d5 2. Nf3 Nf6 3. e3 c6 4. Bd3 Bg4 5. Nbd2 Nbd7 6. c3 e5 7. dxe5 Nxe5 8. Be2 Bd6 9. Nxe5 Bxe2 10. Nxf7 Bxd1 11. Nxd8 Rxd8 12. Kxd1 O-O 13. Nf3 Rde8 14. h3 Ne4 15. Rf1 c5 16. Kc2 b5 17. a3 c4 18. Bd2 Nc5 19. Nd4 a6 20. b4 cxb3+ 21. Nxb3 Nxb3 22. Kxb3 Re4 23. Rad1 Rc8 24. f3 Ra4 25. Bc1 Rac4 26. Bb2 Bc5 27. Rxd5 Bxe3 28. Re1 Bc5 29. Re6 a5 30. Rde5 a4+ 31. Ka2 Kf7 32. Re4 Rxe4 33. Rxe4 Kf6 34. c4+ Kg6 35. cxb5 Rb8 36. Rxa4 Rxb5 37. Rg4+ Kh6 38. a4 Ra5 39. Bc3 Ra7 40. Bd2+ Kh5 41. Rg5+ Kh6 42. Rxc5+ g5 43. Bxg5+ Kh5 44. Be3+ Kh4 45. Rc4+ Kg3 46. Bxa7 h5 47. Bg1 Kxg2 48. a5 h4 49. a6 Kh1 50. a7 Kg2 51. a8=Q Kxh3 52. Qb8 Kg2 53. Qh2+ Kxf3 54. Qf2# 1-0

[Event "LJ Slovak Open 2022"]
[Site "Liptovsky Jan"]
[Date "2022.06.23"]
[Round "1.41"]
[White "Livnansky, Tomas"]
[Black "Kukan, Michal"]
[Result "0-1"]
[ECO "C41"]
[WhiteElo "1244"]
[BlackElo "1767"]
[Annotator "NA RC"]
[PlyCount "89"]
[EventDate "2022.06.23"]
[EventType "swiss"]
[EventCountry "SVK"]
[SourceTitle "playchess.com"]
[Source "ChessBase"]
[SourceQuality "1"]
[TimeControl "3600+30"]

1. e4 e5 2. Nf3 d6 3. Bc4 Be7 4. d3 Nf6 5. O-O Bg4 6. h3 Bh5 7. Nc3 O-O 8. Be3 Nc6 9. Nd5 Nxd5 10. Bxd5 Kh8 11. c3 Qd7 12. d4 f5 13. Bxc6 Qxc6 14. d5 Qe8 15. exf5 e4 16. g4 exf3 17. Qxf3 Bf7 18. c4 Bf6 19. Rab1 Be5 20. Rfd1 h5 21. Bd4 g6 22. Bxe5+ Qxe5 23. Re1 Qf6 24. Qc3 Qxc3 25. bxc3 b6 26. Re7 Rac8 27. a4 gxf5 28. gxf5 Kg7 29. a5 Kf6 30. Re3 Rg8+ 31. Kf1 Rg5 32. axb6 axb6 33. Rf3 Rxf5 34. Rxf5+ Kxf5 35. Kg2 Kf4 36. Re1 Rg8+ 37. Kf1 Re8 38. Ra1 Bg6 39. Ra7 Bd3+ 40. Kg2 Rg8+ 41. Kh2 Be4 42. f3 Bxf3 43. h4 Rg2+ 44. Kh3 Rc2 45. Rxc7 0-1

[Event "LJ Slovak Open 2022"]
[Site "Liptovsky Jan"]
[Date "2022.06.23"]
[Round "1.42"]
[White "Vastik, Lukas"]
[Black "Szaszak, Matej"]
[Result "1-0"]
[ECO "C50"]
[WhiteElo "1738"]
[BlackElo "1235"]
[Annotator "NA RC"]
[PlyCount "54"]
[EventDate "2022.06.23"]
[EventType "swiss"]
[EventCountry "SVK"]
[SourceTitle "playchess.com"]
[Source "ChessBase"]
[SourceQuality "1"]
[TimeControl "3600+30"]

1. e4 e5 2. Nf3 Nc6 3. Bc4 Bc5 4. d3 Nf6 5. Nc3 O-O 6. O-O d6 7. h3 Be6 8. Bg5 a6 9. Nd5 Bxd5 10. Bxd5 Ne7 11. Bxb7 Rb8 12. Bxa6 Nd7 13. Bc4 Nb6 14. Bb3 d5 15. exd5 Nbxd5 16. Bxe7 Nxe7 17. Nxe5 Qd4 18. Qe2 Qxb2 19. Nd7 Rxb3 20. axb3 Rd8 21. Nxc5 Nd5 22. Rfe1 Nf6 23. Qe7 Qd4 24. Ra4 Qd5 25. Re5 Qc6 26. Qxd8+ Ne8 27. Qxe8+ Qxe8 1-0

[Event "LJ Slovak Open 2022"]
[Site "Liptovsky Jan"]
[Date "2022.06.23"]
[Round "1.43"]
[White "Polackova, Eva"]
[Black "Verba, Vladimir"]
[Result "0-1"]
[ECO "B18"]
[WhiteElo "1253"]
[BlackElo "1786"]
[Annotator "NA RC"]
[PlyCount "101"]
[EventDate "2022.06.23"]
[EventType "swiss"]
[EventCountry "SVK"]
[SourceTitle "playchess.com"]
[Source "ChessBase"]
[SourceQuality "1"]
[TimeControl "3600+30"]

1. e4 c6 2. Nc3 d5 3. d4 dxe4 4. Nxe4 Bf5 5. Ng3 Bg6 6. h4 h6 7. Nh3 Nf6 8. Nf4 Bh7 9. Bc4 e6 10. O-O Bd6 11. Re1 O-O 12. Nfh5 Nxh5 13. Nxh5 Qxh4 14. g3 Qe7 15. Qg4 g5 16. f4 Bf5 17. Qf3 g4 18. Qg2 Nd7 19. Bd2 Bxc2 20. f5 Bxf5 21. Bxh6 Rfd8 22. Ng7 Qf6 23. Nxf5 exf5 24. Bd2 Qxd4+ 25. Kh1 Qxc4 26. Bc3 Qd5 27. Qxd5 cxd5 28. Kg2 Bf8 29. Re2 Re8 30. Rf2 Bg7 31. Rxf5 Bxc3 32. bxc3 Re2+ 33. Kf1 Re5 34. Rxe5 Nxe5 35. Rd1 Nc4 36. Kf2 Rd8 37. Rd4 f5 38. Rf4 Nd6 39. Rd4 Ne4+ 40. Kg2 Nxc3 41. a3 Kf7 42. Rf4 Kf6 43. Rd4 Ke5 44. Rf4 d4 45. Rf1 d3 46. Rf4 d2 47. Rf2 d1=Q 48. Rf1 Rd2+ 49. Kg1 Qe2 50. Rxf5+ Kxf5 51. a4 0-1

[Event "LJ Slovak Open 2022"]
[Site "Liptovsky Jan"]
[Date "2022.06.23"]
[Round "1.44"]
[White "Miciak, Emanuel"]
[Black "Haasova, Nina"]
[Result "1-0"]
[ECO "D02"]
[WhiteElo "1804"]
[BlackElo "1216"]
[Annotator "NA"]
[PlyCount "100"]
[EventDate "2022.06.23"]
[EventType "swiss"]
[EventCountry "SVK"]
[SourceTitle "playchess.com"]
[Source "ChessBase"]
[SourceQuality "1"]
[TimeControl "3600+30"]

1. d4 d5 2. Bf4 Nf6 3. e3 Bf5 4. Nf3 e6 5. Bd3 Bxd3 6. Qxd3 Bd6 7. Nbd2 O-O 8. O-O c5 9. Bxd6 Qxd6 10. c3 c4 11. Qc2 Nc6 12. Rad1 e5 13. dxe5 Nxe5 14. Nxe5 Qxe5 15. Nf3 Qe4 16. Qc1 h6 17. Rd4 Qe6 18. Rfd1 Rad8 19. Nd2 Ne4 20. Nxe4 dxe4 21. Rxd8 Rxd8 22. Rxd8+ Kh7 23. Qd1 b5 24. h3 a6 25. Qd5 Qxd5 26. Rxd5 f6 27. a4 bxa4 28. Ra5 Kg6 29. Rxa6 a3 30. bxa3 Kf7 31. Rc6 Ke8 32. Rc7 g5 33. a4 Kd8 34. Rh7 Kc8 35. Rxh6 f5 36. Rg6 f4 37. Rxg5 fxe3 38. fxe3 Kb7 39. Rg6 Kc7 40. h4 Kd7 41. a5 Kc7 42. h5 Kd7 43. a6 Kc7 44. h6 Kd7 45. a7 Ke7 46. Ra6 Kd7 47. a8=Q Kc7 48. Qc6+ Kd8 49. Qd6+ Ke8 50. Qc7 Kf8 1-0

[Event "LJ Slovak Open 2022"]
[Site "Liptovsky Jan"]
[Date "2022.06.23"]
[Round "1.45"]
[White "Kovacik, Oliver"]
[Black "Recky, Norbert"]
[Result "0-1"]
[ECO "D11"]
[WhiteElo "1331"]
[BlackElo "1755"]
[Annotator "NA RC"]
[PlyCount "90"]
[EventDate "2022.06.23"]
[EventType "swiss"]
[EventCountry "SVK"]
[SourceTitle "playchess.com"]
[Source "ChessBase"]
[SourceQuality "1"]
[TimeControl "3600+30"]

1. d4 Nf6 2. Nf3 g6 3. g3 d5 4. Bg2 Bg7 5. c4 c6 6. Qc2 Be6 7. Nbd2 Qa5 8. O-O O-O 9. Ne1 Na6 10. a3 Rac8 11. e3 Bf5 12. Qb3 b5 13. cxd5 cxd5 14. Ndf3 Be4 15. Bd2 Qb6 16. Ne5 Rfd8 17. Bxe4 Nxe4 18. Qd3 Rc7 19. Qe2 Rdc8 20. Rd1 b4 21. N1d3 bxa3 22. bxa3 Rc2 23. Qe1 Qb5 24. Rb1 Qa4 25. Bb4 Nxb4 26. Nxb4 Nd2 27. Nxc2 Nxf1 28. Qxf1 Bxe5 29. dxe5 Rxc2 30. Qd1 Qc6 31. Qd4 a5 32. Rb8+ Kg7 33. Qf4 Rc1+ 34. Kg2 d4+ 35. Kh3 d3 36. Rd8 Rc3 37. Qh4 Qe6+ 38. g4 Qxe5 39. g5 h5 40. gxh6+ Kh7 41. Rf8 Qf5+ 42. Kg2 d2 43. Qd4 Qg5+ 44. Kh3 Qxh6+ 45. Kg3 Qxf8 0-1